[Event "Reykjavik Open 2025"]
[Site "Reykjavik"]
[Date "2025.04.13"]
[Round "7.18"]
[White "Nissinen, Niilo Man"]
[Black "Friedel, Joshua"]
[Result "0-1"]
[Annotator "ChessBase"]
[ECO "B12"]
[WhiteElo "2268"]
[BlackElo "2552"]
[PlyCount "106"]
[EventDate "2025.04.09"]
[EventType "swiss"]
[EventCountry "ISL"]
[SourceTitle "playchess.com"]
[Source "ChessBase"]
[SourceQuality "1"]
[TimeControl "40/5400+30:1800+30"]

1. e4 c6 2. d4 d5 3. e5 Bf5 4. h4 h5 5. c4 e6 6. Nc3 dxc4 7. Bxc4 Nd7 8. Nge2 Be7 9. g3 Bg4 10. O-O Nh6 11. Bf4 Nb6 12. Bb3 Nd5 13. Nxd5 exd5 14. Qd2 Qb6 15. f3 Be6 16. Kh2 Nf5 17. Bc2 Qb4 18. Qc3 a5 19. a4 O-O-O 20. Rad1 Rdg8 21. Rg1 g5 22. Qxb4 axb4 23. hxg5 Bxg5 24. Bxg5 Rxg5 25. Nf4 Ne3 26. Rc1 Bg4 27. Nh3 Rg7 28. f4 Bxh3 29. Kxh3 Nxc2 30. Rxc2 Rhg8 31. Rgg2 Rg4 32. Rce2 Kd7 33. b3 Ke6 34. f5+ Ke7 35. f6+ Ke6 36. Rd2 R8g5 37. Rd3 Re4 38. Rf2 Rgg4 39. Rfd2 h4 40. gxh4 Rxh4+ 41. Kg2 Ref4 42. Kg1 Rhg4+ 43. Kh2 Kf5 44. Re3 Rh4+ 45. Kg1 Rfg4+ 46. Rg2 Ke6 47. Reg3 Rxg3 48. Rxg3 Rxd4 49. Rg8 Kxe5 50. Rb8 Kxf6 51. Rxb7 Ke6 52. Rc7 Kd6 53. Rxf7 Rd3 0-1

[Event "Reykjavik Open 2025"]
[Site "Reykjavik"]
[Date "2025.04.13"]
[Round "7.19"]
[White "Sokolovsky, Yahli"]
[Black "Wan, Joseph"]
[Result "1-0"]
[Annotator "ChessBase"]
[ECO "C02"]
[WhiteElo "2546"]
[BlackElo "2242"]
[PlyCount "69"]
[EventDate "2025.04.09"]
[EventType "swiss"]
[EventCountry "ISL"]
[SourceTitle "playchess.com"]
[Source "ChessBase"]
[SourceQuality "1"]
[TimeControl "40/5400+30:1800+30"]

1. e4 e6 2. d4 d5 3. e5 c5 4. c3 Nc6 5. Nf3 Bd7 6. Be2 Nge7 7. O-O Nf5 8. dxc5 Bxc5 9. Bd3 Nh4 10. Nbd2 Nxf3+ 11. Nxf3 Be7 12. Bf4 Rc8 13. Qd2 Qb6 14. Rab1 Na5 15. Qe2 a6 16. Nd4 Nc6 17. Qg4 g5 18. Nxc6 h5 19. Qe2 Qxc6 20. Be3 Kd8 21. Kh1 Kc7 22. b4 Qa4 23. f4 g4 24. f5 Kb8 25. Bg1 Bc6 26. Qe3 d4 27. Qxd4 Rcd8 28. Qa7+ Kc8 29. Bd4 h4 30. fxe6 h3 31. Rxf7 Qxa2 32. Be4 Qxe6 33. Rxe7 Qxe7 34. Bxc6 hxg2+ 35. Bxg2 1-0

[Event "Reykjavik Open 2025"]
[Site "Reykjavik"]
[Date "2025.04.13"]
[Round "7.20"]
[White "Priansh Das"]
[Black "Bailet, Pierre"]
[Result "1/2-1/2"]
[Annotator "ChessBase"]
[ECO "B15"]
[WhiteElo "2262"]
[BlackElo "2495"]
[PlyCount "126"]
[EventDate "2025.04.09"]
[EventType "swiss"]
[EventCountry "ISL"]
[SourceTitle "playchess.com"]
[Source "ChessBase"]
[SourceQuality "1"]
[TimeControl "40/5400+30:1800+30"]

1. e4 c6 2. d4 d5 3. Nc3 dxe4 4. Nxe4 Nf6 5. Nxf6+ exf6 6. c3 Bd6 7. Bd3 O-O 8. Qc2 Re8+ 9. Ne2 h5 10. O-O h4 11. h3 Nd7 12. Bd2 Nf8 13. Rae1 Bc7 14. f4 Qd6 15. c4 b6 16. b4 a5 17. bxa5 bxa5 18. c5 Qd5 19. f5 Ba6 20. Bxa6 Rxa6 21. Qd3 Raa8 22. Nc3 Qd7 23. d5 cxd5 24. Qxd5 Be5 25. Qxd7 Nxd7 26. c6 Nb8 27. c7 Na6 28. Re4 Nxc7 29. Rxh4 Rab8 30. Ne4 Rb2 31. Bxa5 Nd5 32. Bd2 Rxa2 33. Kh1 Rea8 34. Kg1 Bd4+ 35. Kh2 Be3 36. Rd1 Bxd2 37. Rxd2 Ne3 38. Rf4 Rxd2 39. Nxd2 Ra2 40. Re4 Nxf5 41. Nf3 g6 42. Nh4 Ng7 43. Rb4 Ne6 44. Nf3 Kg7 45. Nd4 f5 46. h4 Rd2 47. Nf3 Re2 48. Kg3 Nc5 49. Kh2 f6 50. h5 g5 51. Nd4 Re5 52. Rb5 Kh6 53. Nc6 Rd5 54. Ne7 Re5 55. Nc6 Nd3 56. Nxe5 Nxe5 57. g3 Kxh5 58. Kg2 Kg6 59. Rb7 Nc4 60. Ra7 Nd2 61. Ra2 Ne4 62. Ra7 g4 63. Ra5 Kg5 1/2-1/2

[Event "Reykjavik Open 2025"]
[Site "Reykjavik"]
[Date "2025.04.13"]
[Round "7.21"]
[White "Unzicker, Ferdinand"]
[Black "Kilic, Eray"]
[Result "0-1"]
[Annotator "ChessBase"]
[ECO "D35"]
[WhiteElo "2241"]
[BlackElo "2473"]
[PlyCount "62"]
[EventDate "2025.04.09"]
[EventType "swiss"]
[EventCountry "ISL"]
[SourceTitle "playchess.com"]
[Source "ChessBase"]
[SourceQuality "1"]
[TimeControl "40/5400+30:1800+30"]

1. d4 Nf6 2. c4 e6 3. Nc3 d5 4. cxd5 exd5 5. Bg5 Bb4 6. e3 h6 7. Bh4 g5 8. Bg3 Ne4 9. Nge2 h5 10. h4 Nxg3 11. Nxg3 gxh4 12. Nxh5 c6 13. Qf3 Qg5 14. Be2 Be6 15. O-O-O Nd7 16. g3 h3 17. g4 O-O-O 18. Nf4 Bxc3 19. bxc3 Qe7 20. Kb2 Nf6 21. Nxe6 fxe6 22. Rxh3 Ne4 23. Rxh8 Rxh8 24. Qg2 Qc7 25. Rh1 Qb6+ 26. Kc1 Rxh1+ 27. Qxh1 Qa5 28. Qe1 Qa3+ 29. Kc2 Qxa2+ 30. Kd3 c5 31. dxc5 e5 0-1

[Event "Reykjavik Open 2025"]
[Site "Reykjavik"]
[Date "2025.04.13"]
[Round "7.22"]
[White "Kjartansson, Gudmundur"]
[Black "Garbuz, Vitaliy"]
[Result "1-0"]
[Annotator "ChessBase"]
[ECO "D24"]
[WhiteElo "2450"]
[BlackElo "2203"]
[PlyCount "119"]
[EventDate "2025.04.09"]
[EventType "swiss"]
[EventCountry "ISL"]
[SourceTitle "playchess.com"]
[Source "ChessBase"]
[SourceQuality "1"]
[TimeControl "40/5400+30:1800+30"]

1. c4 e6 2. d4 d5 3. Nf3 Nf6 4. Nc3 dxc4 5. e4 b5 6. e5 Nd5 7. Nxb5 Nb6 8. Nc3 Nc6 9. Be2 Nb4 10. O-O Qd7 11. a3 Nc6 12. Be3 Rb8 13. Qc2 Be7 14. Rad1 Bb7 15. Ne4 Na5 16. Nc3 Bc6 17. Rb1 O-O 18. Nd2 f5 19. exf6 gxf6 20. Bf3 Kh8 21. Bxc6 Nxc6 22. Ne2 Rg8 23. Rfc1 e5 24. dxe5 Nxe5 25. Ng3 Qd5 26. Rd1 Qd3 27. Qxd3 cxd3 28. Nf5 Bf8 29. Ne4 Nbc4 30. Nxf6 Rg6 31. Nd5 c6 32. Bxa7 Rb7 33. Bd4 cxd5 34. f4 Rf7 35. b3 Nxa3 36. Bxe5+ Kg8 37. Rbc1 Rxf5 38. Rxd3 Nb5 39. Rxd5 Nd6 40. Rc6 Ne4 41. Rc8 Rb6 42. Rd4 Nc5 43. b4 Na6 44. Rd6 Rxd6 45. Bxd6 Nxb4 46. Bxb4 Rxf4 47. Rxf8+ Rxf8 48. Bxf8 Kxf8 49. Kf2 Kf7 50. Kf3 Kf6 51. Kf4 h6 52. g4 Kg6 53. h3 Kf6 54. h4 Ke6 55. Ke4 Kf6 56. Kd5 Kf7 57. Ke5 Kg7 58. h5 Kf7 59. Kf5 Kg7 60. Ke6 1-0

[Event "Reykjavik Open 2025"]
[Site "Reykjavik"]
[Date "2025.04.13"]
[Round "7.23"]
[White "Gajcin, Marina"]
[Black "Hagner, Bennet"]
[Result "0-1"]
[Annotator "ChessBase"]
[ECO "C50"]
[WhiteElo "2217"]
[BlackElo "2430"]
[PlyCount "82"]
[EventDate "2025.04.09"]
[EventType "swiss"]
[EventCountry "ISL"]
[SourceTitle "playchess.com"]
[Source "ChessBase"]
[SourceQuality "1"]
[TimeControl "40/5400+30:1800+30"]

1. e4 e5 2. Nf3 Nc6 3. Bc4 Bc5 4. d3 d6 5. c3 Bb6 6. O-O h6 7. a4 Nge7 8. b4 a6 9. Qb3 O-O 10. Be3 Ng6 11. a5 Ba7 12. d4 Qf6 13. Qb2 Nf4 14. Bxf4 Qxf4 15. Nbd2 exd4 16. cxd4 Qf6 17. e5 Qf4 18. exd6 Nxd4 19. Ra3 Bg4 20. Nxd4 Bxd4 21. Qc2 cxd6 22. Qe4 Be5 23. g3 Qxe4 24. Nxe4 Rac8 25. Bd5 Rc2 26. Kg2 Kh8 27. h3 Be2 28. Re1 f5 29. Re3 Bc4 30. Bxc4 Rxc4 31. Nc5 f4 32. Rf3 dxc5 33. Rxe5 cxb4 34. Re7 Rb8 35. gxf4 b6 36. axb6 Rxb6 37. Rg3 Rc8 38. Kh2 Rg8 39. f5 b3 40. f6 gxf6 41. Rd3 b2 0-1

[Event "Reykjavik Open 2025"]
[Site "Reykjavik"]
[Date "2025.04.13"]
[Round "7.24"]
[White "Stefansson, Hannes"]
[Black "Ornolfsson, Magnus P."]
[Result "1-0"]
[Annotator "ChessBase"]
[ECO "A28"]
[WhiteElo "2420"]
[BlackElo "2174"]
[PlyCount "83"]
[EventDate "2025.04.09"]
[EventType "swiss"]
[EventCountry "ISL"]
[SourceTitle "playchess.com"]
[Source "ChessBase"]
[SourceQuality "1"]
[TimeControl "40/5400+30:1800+30"]

1. c4 Nf6 2. Nc3 e5 3. Nf3 Nc6 4. e4 Bb4 5. d3 O-O 6. a3 Bxc3+ 7. bxc3 d6 8. Bg5 h6 9. Bh4 g5 10. Bg3 Kg7 11. Be2 Bg4 12. Nd2 Bxe2 13. Qxe2 Qd7 14. Nf1 Qg4 15. f3 Qd7 16. Ne3 Ne7 17. d4 Nh5 18. dxe5 Nxg3 19. hxg3 dxe5 20. Ng4 Ng6 21. Rxh6 Rh8 22. Rxh8 Rxh8 23. Kf2 Rd8 24. Ne3 Qa4 25. Qb2 Qc6 26. Ke2 Ne7 27. Qb5 f6 28. Qxc6 Nxc6 29. Nf5+ Kf7 30. Rh1 Ke6 31. Rh7 Rd7 32. Ng7+ Rxg7 33. Rxg7 Ne7 34. Ke3 b6 35. f4 gxf4+ 36. gxf4 exf4+ 37. Kxf4 a5 38. g4 Kd6 39. Rxe7 Kxe7 40. Kf5 Kf7 41. e5 fxe5 42. Kxe5 1-0

[Event "Reykjavik Open 2025"]
[Site "Reykjavik"]
[Date "2025.04.13"]
[Round "7.25"]
[White "Pipiras, Filipa Fortuna"]
[Black "Fantinel, Thibault"]
[Result "1-0"]
[Annotator "ChessBase"]
[ECO "E73"]
[WhiteElo "2195"]
[BlackElo "2411"]
[PlyCount "83"]
[EventDate "2025.04.09"]
[EventType "swiss"]
[EventCountry "ISL"]
[SourceTitle "playchess.com"]
[Source "ChessBase"]
[SourceQuality "1"]
[TimeControl "40/5400+30:1800+30"]

1. d4 Nf6 2. c4 g6 3. Nc3 Bg7 4. e4 d6 5. Be2 O-O 6. Be3 e5 7. d5 Na6 8. h4 Nc5 9. Qc2 c6 10. h5 cxd5 11. cxd5 Qa5 12. h6 Bh8 13. f3 Nh5 14. a3 Ng3 15. b4 Qd8 16. Rh2 Nxe2 17. Ngxe2 Na6 18. g4 Bd7 19. Qd3 Nc7 20. a4 Bf6 21. Kd2 Rc8 22. Kc2 a5 23. b5 Na8 24. Kb3 Nb6 25. Nd1 Nc4 26. Bf2 Bg5 27. Ne3 Bxe3 28. Bxe3 Qf6 29. Rc1 Qxf3 30. Rxc4 Rxc4 31. Kxc4 Bxg4 32. Rf2 Qh1 33. Nc3 f5 34. Bg5 Qg1 35. Qd2 Rc8+ 36. Kb3 Qa1 37. Be7 fxe4 38. Bxd6 Rxc3+ 39. Qxc3 Bd1+ 40. Kc4 Qxa4+ 41. Kc5 Bf3 42. Qxe5 1-0

[Event "Reykjavik Open 2025"]
[Site "Reykjavik"]
[Date "2025.04.13"]
[Round "7.26"]
[White "Shafer, Logan C"]
[Black "Tahay, Alexis"]
[Result "1-0"]
[Annotator "ChessBase"]
[ECO "E11"]
[WhiteElo "2193"]
[BlackElo "2397"]
[PlyCount "77"]
[EventDate "2025.04.09"]
[EventType "swiss"]
[EventCountry "ISL"]
[SourceTitle "playchess.com"]
[Source "ChessBase"]
[SourceQuality "1"]
[TimeControl "40/5400+30:1800+30"]

1. d4 Nf6 2. c4 e6 3. Nf3 d5 4. g3 Bb4+ 5. Bd2 a5 6. Bg2 O-O 7. Qc2 Nbd7 8. O-O Be7 9. Bf4 c6 10. Rd1 Ne4 11. Nc3 g5 12. Be3 Nd6 13. b3 f5 14. Ne5 Nxe5 15. dxe5 Nf7 16. f4 Bd7 17. Kh1 b5 18. cxb5 cxb5 19. Nxd5 exd5 20. Bxd5 Rc8 21. Qb2 Bc5 22. e6 Bxe3 23. exd7 Qxd7 24. Qf6 Rfe8 25. Qxg5+ Kf8 26. Qh5 Kg7 27. Bf3 Qe6 28. Rd5 Rc5 29. Rad1 Rec8 30. Kg2 R8c7 31. R5d3 Rc3 32. Rd5 R7c5 33. Rd7 Qg6 34. R1d6 Rc7 35. Rxg6+ hxg6 36. Rxc7 Rxc7 37. Qh4 Bd4 38. g4 Nd6 39. Qd8 1-0

[Event "Reykjavik Open 2025"]
[Site "Reykjavik"]
[Date "2025.04.13"]
[Round "7.27"]
[White "Terrieux, Kevin"]
[Black "Alrehaili, Ahmed Abdullah S"]
[Result "1-0"]
[Annotator "ChessBase"]
[ECO "D02"]
[WhiteElo "2394"]
[BlackElo "2152"]
[PlyCount "97"]
[EventDate "2025.04.09"]
[EventType "swiss"]
[EventCountry "ISL"]
[SourceTitle "playchess.com"]
[Source "ChessBase"]
[SourceQuality "1"]
[TimeControl "40/5400+30:1800+30"]

1. d4 Nf6 2. Nf3 g6 3. Nbd2 d5 4. b4 Bg7 5. e3 O-O 6. c4 c6 7. a4 Nbd7 8. Bb2 e5 9. dxe5 Ng4 10. cxd5 Ndxe5 11. Qb3 Nxf3+ 12. Nxf3 Bxb2 13. Qxb2 Qxd5 14. h3 Nh6 15. Rd1 Qe6 16. Be2 Nf5 17. O-O Qe7 18. Rd2 Be6 19. Rfd1 Rfd8 20. a5 Bd5 21. Ne5 h5 22. Bf3 Bxf3 23. Nxf3 Rd6 24. Rxd6 Nxd6 25. Qe5 Qxe5 26. Nxe5 Re8 27. Nxg6 Ne4 28. Nf4 Re5 29. Rd4 Nf6 30. Nd3 Rb5 31. Rc4 Rd5 32. Nc5 b6 33. axb6 axb6 34. Nb3 Rd1+ 35. Kh2 Rb1 36. Nd4 Ne4 37. Rc2 Rxb4 38. Nxc6 Rb1 39. f3 Nf6 40. Kg3 b5 41. Rc5 Kg7 42. Nd4 b4 43. Rb5 Kg6 44. Rb6 Rb2 45. e4 Kg7 46. Nf5+ Kg6 47. Kf4 Rc2 48. g4 hxg4 49. hxg4 1-0

[Event "Reykjavik Open 2025"]
[Site "Reykjavik"]
[Date "2025.04.13"]
[Round "7.28"]
[White "Harish, Neeraj"]
[Black "Willems, Niels"]
[Result "1/2-1/2"]
[Annotator "ChessBase"]
[ECO "D41"]
[WhiteElo "2169"]
[BlackElo "2394"]
[PlyCount "105"]
[EventDate "2025.04.09"]
[EventType "swiss"]
[EventCountry "ISL"]
[SourceTitle "playchess.com"]
[Source "ChessBase"]
[SourceQuality "1"]
[TimeControl "40/5400+30:1800+30"]

1. e4 c6 2. d4 d5 3. exd5 cxd5 4. c4 Nf6 5. Nc3 Nc6 6. Nf3 a6 7. cxd5 Nxd5 8. Bc4 e6 9. O-O Be7 10. Re1 O-O 11. Bb3 Bf6 12. Ne4 Nce7 13. Nxf6+ Nxf6 14. Bg5 b6 15. Ne5 Bb7 16. Bxf6 gxf6 17. Ng4 Nd5 18. Qf3 f5 19. Ne3 Nxe3 20. Qxb7 Nd5 21. Rac1 Nf4 22. Qf3 Qg5 23. g3 Ng6 24. d5 exd5 25. Bxd5 Rae8 26. Kh1 Re5 27. Rcd1 f4 28. gxf4 Rxe1+ 29. Rxe1 Qxf4 30. Qxf4 Nxf4 31. Bb3 Rc8 32. h4 Kf8 33. Kh2 Nd3 34. Re2 Nc1 35. Rc2 Rxc2 36. Bxc2 Nxa2 37. Bxh7 Nb4 38. Be4 a5 39. Kg3 Na6 40. Kf4 Nc5 41. Ke5 Na4 42. b3 Nc3 43. Bc2 b5 44. Kd4 Ne2+ 45. Ke3 Nc3 46. Kd4 Ne2+ 47. Kc5 a4 48. bxa4 bxa4 49. Bxa4 Nf4 50. f3 Ng6 51. h5 Ne5 52. Bd1 Nxf3 53. Bxf3 1/2-1/2

[Event "Reykjavik Open 2025"]
[Site "Reykjavik"]
[Date "2025.04.13"]
[Round "7.29"]
[White "Thorfinnsson, Bjorn"]
[Black "Bourgois, Bastien"]
[Result "1-0"]
[Annotator "ChessBase"]
[ECO "A48"]
[WhiteElo "2386"]
[BlackElo "2112"]
[PlyCount "139"]
[EventDate "2025.04.09"]
[EventType "swiss"]
[EventCountry "ISL"]
[SourceTitle "playchess.com"]
[Source "ChessBase"]
[SourceQuality "1"]
[TimeControl "40/5400+30:1800+30"]

1. d4 Nf6 2. Nf3 g6 3. Bg5 Bg7 4. Nbd2 h6 5. Bh4 d6 6. e4 O-O 7. c3 Qe8 8. e5 Nh5 9. Rg1 dxe5 10. dxe5 Nc6 11. g4 Nf4 12. Bg3 Nd5 13. Nb3 Nb6 14. Bf4 Be6 15. Qc1 Kh7 16. Rg3 Rh8 17. Nc5 Qc8 18. Be2 Nc4 19. Nxe6 Qxe6 20. Rh3 Kg8 21. Nd4 Qd5 22. Bf3 Qd7 23. e6 fxe6 24. Nxc6 bxc6 25. Qc2 e5 26. Qb3 exf4 27. Qxc4+ Kh7 28. Rd1 Qc8 29. Rh4 Rb8 30. Be4 Qg8 31. Qxc6 Bf6 32. g5 Bxg5 33. Rg4 Rb6 34. Qd7 Qe6 35. f3 Rg8 36. Qxe6 Rxe6 37. Rd7 Rd6 38. Rxd6 cxd6 39. h4 Bf6 40. h5 Bg5 41. Kd2 Kg7 42. Bxg6 Rb8 43. Kc2 Rb5 44. Rg2 Re5 45. Rd2 d5 46. a4 Re3 47. Rxd5 Rxf3 48. b4 Bf6 49. Rd3 Rxd3 50. Kxd3 f3 51. Be4 f2 52. Bg2 Kf7 53. a5 Be5 54. b5 Ke8 55. Ke4 Bc7 56. b6 axb6 57. a6 Bb8 58. Kf5 Kf7 59. Bd5+ e6+ 60. Bxe6+ Ke7 61. Bc4 Ba7 62. Kg6 b5 63. Bxb5 Be3 64. Bf1 Kd6 65. c4 Kc7 66. c5 Kb8 67. Bg2 Ka7 68. c6 Kxa6 69. c7 f1=Q 70. c8=Q+ 1-0

[Event "Reykjavik Open 2025"]
[Site "Reykjavik"]
[Date "2025.04.13"]
[Round "7.30"]
[White "Bjornsson, Sigurbjorn"]
[Black "Cramling Bellon, Anna"]
[Result "1-0"]
[Annotator "ChessBase"]
[ECO "B33"]
[WhiteElo "2303"]
[BlackElo "2046"]
[PlyCount "115"]
[EventDate "2025.04.09"]
[EventType "swiss"]
[EventCountry "ISL"]
[SourceTitle "playchess.com"]
[Source "ChessBase"]
[SourceQuality "1"]
[TimeControl "40/5400+30:1800+30"]

1. e4 c5 2. Nf3 e6 3. d4 cxd4 4. Nxd4 Nf6 5. Nc3 Nc6 6. Ndb5 d6 7. Bf4 e5 8. Bg5 a6 9. Na3 b5 10. Nd5 Be7 11. Bxf6 Bxf6 12. c3 Bg5 13. Nc2 O-O 14. a4 bxa4 15. Rxa4 a5 16. Bc4 Rb8 17. b3 Be6 18. h4 Bh6 19. g3 Kh8 20. Ra2 f5 21. exf5 Bxf5 22. Nce3 Be4 23. O-O Qd7 24. Qg4 Qxg4 25. Nxg4 Bxd5 26. Bxd5 Ne7 27. Be6 Rf3 28. Rd1 Rxc3 29. Rxd6 Nc6 30. Bc4 Rc8 31. Rxc6 Rxc6 32. Nxe5 Rf6 33. Rxa5 g6 34. Ra8+ Rf8 35. Nf7+ Kg7 36. Rxf8 Kxf8 37. Nxh6 Ke7 38. Kg2 Kf6 39. Ng4+ Kf5 40. Ne3+ Ke5 41. Kf3 Rc1 42. Bg8 h5 43. Bc4 Ra1 44. Nd5 Ra7 45. Nf4 Rg7 46. Bd3 g5 47. Nxh5 Rf7+ 48. Ke3 gxh4 49. f4+ Kd6 50. gxh4 Rb7 51. Bc4 Rh7 52. Ng3 Ke7 53. Bd3 Rh8 54. h5 Kf6 55. b4 Re8+ 56. Kf3 Rb8 57. b5 Rd8 58. Be4 1-0

[Event "Reykjavik Open 2025"]
[Site "Reykjavik"]
[Date "2025.04.13"]
[Round "7.31"]
[White "Borne, Felix"]
[Black "Williams, Simon K"]
[Result "1-0"]
[Annotator "ChessBase"]
[ECO "A04"]
[WhiteElo "2225"]
[BlackElo "2451"]
[PlyCount "89"]
[EventDate "2025.04.09"]
[EventType "swiss"]
[EventCountry "ISL"]
[SourceTitle "playchess.com"]
[Source "ChessBase"]
[SourceQuality "1"]
[TimeControl "40/5400+30:1800+30"]

1. Nf3 f5 2. g3 Nf6 3. Bg2 e6 4. O-O Be7 5. c4 d5 6. b3 Ne4 7. Bb2 Bf6 8. Qc2 Nc6 9. d3 Nd6 10. Nbd2 O-O 11. a3 a5 12. e4 dxe4 13. dxe4 Bxb2 14. Qxb2 Nxe4 15. Nxe4 fxe4 16. Nd2 e5 17. Nxe4 Nd4 18. f4 Bg4 19. fxe5 Nf3+ 20. Bxf3 Rxf3 21. Nf2 Be6 22. Ne4 Re3 23. Rae1 Rxe1 24. Rxe1 Qe7 25. c5 Rd8 26. Qc3 Bd5 27. b4 axb4 28. axb4 Re8 29. Qd4 Be6 30. Qe3 h6 31. Nf2 Bd5 32. Nd3 g5 33. Nf2 Kg7 34. Ng4 Bc6 35. Nf6 Rd8 36. Qc3 Qe6 37. Qc2 Rh8 38. Nh5+ Kf7 39. Qf2+ Kg6 40. Nf6 h5 41. Qe3 Qa2 42. Ne4 Bxe4 43. Qxe4+ Kh6 44. Rf1 Kg7 45. Qf5 1-0

[Event "Reykjavik Open 2025"]
[Site "Reykjavik"]
[Date "2025.04.13"]
[Round "7.32"]
[White "Blanchet, Mathieu"]
[Black "Kavutskiy, Kostya"]
[Result "0-1"]
[Annotator "ChessBase"]
[ECO "E61"]
[WhiteElo "2091"]
[BlackElo "2351"]
[PlyCount "66"]
[EventDate "2025.04.09"]
[EventType "swiss"]
[EventCountry "ISL"]
[SourceTitle "playchess.com"]
[Source "ChessBase"]
[SourceQuality "1"]
[TimeControl "40/5400+30:1800+30"]

1. d4 Nf6 2. c4 g6 3. Nc3 Bg7 4. Nf3 d6 5. Bg5 h6 6. Bh4 c5 7. d5 g5 8. Bg3 Nh5 9. e3 Nxg3 10. hxg3 Bxc3+ 11. bxc3 Kd7 12. Bd3 Kc7 13. Qc2 Nd7 14. Rb1 Qg8 15. Nd2 Qg7 16. Nf1 Ne5 17. e4 h5 18. Ne3 h4 19. gxh4 gxh4 20. Be2 Qf6 21. Rf1 Qf4 22. Kd1 Rg8 23. Rb2 Bd7 24. Qb1 b6 25. Bd3 Rg7 26. Rd2 h3 27. gxh3 Bxh3 28. Rh1 Bg2 29. Nxg2 Rxg2 30. Rf1 Rh8 31. Qc2 Kb7 32. Re2 Qf3 33. Kd2 Rh3 0-1

[Event "Reykjavik Open 2025"]
[Site "Reykjavik"]
[Date "2025.04.13"]
[Round "7.33"]
[White "Petersen, Marcel"]
[Black "Thorhallsson, Throstur"]
[Result "1/2-1/2"]
[Annotator "ChessBase"]
[ECO "B40"]
[WhiteElo "2185"]
[BlackElo "2394"]
[PlyCount "79"]
[EventDate "2025.04.09"]
[EventType "swiss"]
[EventCountry "ISL"]
[SourceTitle "playchess.com"]
[Source "ChessBase"]
[SourceQuality "1"]
[TimeControl "40/5400+30:1800+30"]

1. e4 c5 2. Nf3 e6 3. g3 Nc6 4. Bg2 Nf6 5. Qe2 e5 6. O-O Be7 7. c3 d6 8. Na3 O-O 9. Nc2 Re8 10. d3 h6 11. Ne3 Bf8 12. Nd2 g6 13. a4 b6 14. f4 exf4 15. gxf4 Bb7 16. Qf2 Bg7 17. Ndc4 Qc7 18. f5 Kh7 19. Qg3 Rad8 20. fxg6+ fxg6 21. Rxf6 Bxf6 22. Nd5 Qf7 23. Qf4 Rf8 24. Qxh6+ Kg8 25. Nxf6+ Qxf6 26. Bg5 Qg7 27. Qxg7+ Kxg7 28. Bxd8 Rxd8 29. Kf2 Ba6 30. b3 Bxc4 31. bxc4 Ne5 32. Ke2 Rh8 33. h3 Rh5 34. a5 Rg5 35. Bf1 Rg3 36. Kf2 Rf3+ 37. Kg2 Re3 38. Kf2 Rf3+ 39. Kg2 Re3 40. Kf2 1/2-1/2

[Event "Reykjavik Open 2025"]
[Site "Reykjavik"]
[Date "2025.04.13"]
[Round "7.34"]
[White "Saine, Zachary"]
[Black "Gislason, Gudmundur"]
[Result "0-1"]
[Annotator "ChessBase"]
[ECO "B06"]
[WhiteElo "2019"]
[BlackElo "2216"]
[PlyCount "80"]
[EventDate "2025.04.09"]
[EventType "swiss"]
[EventCountry "ISL"]
[SourceTitle "playchess.com"]
[Source "ChessBase"]
[SourceQuality "1"]
[TimeControl "40/5400+30:1800+30"]

1. e4 g6 2. d4 Bg7 3. Nc3 a6 4. a4 b6 5. Be3 Bb7 6. Bd3 e6 7. f4 Nc6 8. Nf3 Nb4 9. Be2 Nf6 10. Nd2 h5 11. O-O Ng4 12. Bxg4 hxg4 13. Qxg4 Nxc2 14. Bf2 Nxa1 15. Rxa1 Qe7 16. Nf3 O-O-O 17. Rc1 Qb4 18. Be3 f5 19. exf5 exf5 20. Qg3 Rde8 21. Qf2 d6 22. d5 Bxc3 23. Rxc3 Kb8 24. Qd2 Qxa4 25. Ng5 Re7 26. Ne6 Rc8 27. Ng5 Qb5 28. Rd3 Rce8 29. Ne6 a5 30. h3 Ba6 31. Rc3 c5 32. Qc2 Qf1+ 33. Kh2 Bb7 34. Rb3 Rxe6 35. dxe6 Rxe6 36. Qd2 Kc7 37. Qc2 Qe1 38. Qd3 a4 39. Rc3 Bc6 40. b4 Rxe3 0-1

[Event "Reykjavik Open 2025"]
[Site "Reykjavik"]
[Date "2025.04.13"]
[Round "7.35"]
[White "Wahono, Richard"]
[Black "Kadovic, Tamara"]
[Result "1/2-1/2"]
[Annotator "NA"]
[ECO "C58"]
[WhiteElo "1775"]
[BlackElo "1612"]
[PlyCount "110"]
[EventDate "2025.04.09"]
[EventType "swiss"]
[EventCountry "ISL"]
[SourceTitle "playchess.com"]
[Source "ChessBase"]
[SourceQuality "1"]
[TimeControl "40/5400+30:1800+30"]

1. e4 e5 2. Nf3 Nc6 3. Bc4 Nf6 4. Ng5 d5 5. exd5 Na5 6. Bb5+ c6 7. dxc6 bxc6 8. Bd3 Nd5 9. h4 Nf4 10. Bxh7 f6 11. d3 Qe7 12. Bxf4 exf4+ 13. Kf1 fxg5 14. Qh5+ Kd8 15. Nc3 g6 16. Qxg6 Rxh7 17. Re1 Rg7 18. h5 Qxe1+ 19. Kxe1 Rxg6 20. hxg6 Bg7 21. Rh7 Bf6 22. g7 Bxg7 23. Rxg7 g4 24. Ne4 Nb7 25. Nf6 Rb8 26. Nxg4 Bxg4 27. Rxg4 Nc5 28. b3 Ne6 29. Rg8+ Kc7 30. Rxb8 Kxb8 31. c3 Kc7 32. Ke2 Kd6 33. Kf3 Ke5 34. a3 Kf5 35. b4 c5 36. b5 Nc7 37. a4 Nd5 38. a5 Nxc3 39. b6 Nb5 40. g4+ fxg3 41. fxg3 Nd4+ 42. Ke3 axb6 43. axb6 Nc6 44. g4+ Ke5 45. g5 Kd6 46. Ke4 Ne7 47. b7 Kc7 48. b8=Q+ Kxb8 49. Ke5 Kc7 50. Ke6 Ng6 51. Kd5 Kb6 52. d4 Nf4+ 53. Kc4 cxd4 54. Kxd4 Ne6+ 55. Ke5 Nxg5 1/2-1/2

[Event "Reykjavik Open 2025"]
[Site "Reykjavik"]
[Date "2025.04.13"]
[Round "7.36"]
[White "Ptacnikova, Lenka"]
[Black "Heimisson, Hilmir Freyr"]
[Result "1/2-1/2"]
[Annotator "ChessBase"]
[ECO "D32"]
[WhiteElo "2142"]
[BlackElo "2376"]
[PlyCount "100"]
[EventDate "2025.04.09"]
[EventType "swiss"]
[EventCountry "ISL"]
[SourceTitle "playchess.com"]
[Source "ChessBase"]
[SourceQuality "1"]
[TimeControl "40/5400+30:1800+30"]

1. Nf3 d5 2. e3 Nf6 3. c4 e6 4. Nc3 c5 5. cxd5 exd5 6. d4 Nc6 7. Bb5 Bd6 8. Ne5 O-O 9. Nxc6 bxc6 10. Bxc6 Rb8 11. dxc5 Bxc5 12. O-O Be6 13. Bb5 Qc7 14. Be2 Bd6 15. g3 Be5 16. Nb5 Qe7 17. Nd4 Rb6 18. b3 Bh3 19. Re1 Ne4 20. Bb2 Rf6 21. Bf3 Nxf2 22. Kxf2 Bg4 23. Nc6 Rxc6 24. Bxg4 Bxb2 25. Rb1 Bc3 26. Re2 Qe4 27. Bh3 Rh6 28. Bg2 Rxh2 29. Kg1 Rxg2+ 30. Rxg2 Qxe3+ 31. Kh1 Qe4 32. Qc2 Qe3 33. Rd1 d4 34. Qd3 Qh6+ 35. Rh2 Qc6+ 36. Kg1 g6 37. Re2 Qc7 38. Rf1 Ba5 39. Kg2 Qb7+ 40. Kh2 Qd7 41. Rf4 Bb6 42. Qc4 Kg7 43. Rfe4 Rd8 44. a4 Qd6 45. b4 Bc7 46. Rf4 Qd7 47. Rfe4 Qd6 48. Rf4 Qd7 49. Rfe4 Qd6 50. Rf4 Qd7 1/2-1/2

[Event "Reykjavik Open 2025"]
[Site "Reykjavik"]
[Date "2025.04.13"]
[Round "7.37"]
[White "Thorfinnsson, Bragi"]
[Black "Beisteiner, Joachim"]
[Result "1-0"]
[Annotator "ChessBase"]
[ECO "B10"]
[WhiteElo "2375"]
[BlackElo "2097"]
[PlyCount "43"]
[EventDate "2025.04.09"]
[EventType "swiss"]
[EventCountry "ISL"]
[SourceTitle "playchess.com"]
[Source "ChessBase"]
[SourceQuality "1"]
[TimeControl "40/5400+30:1800+30"]

1. e4 c6 2. Nf3 d5 3. d3 Qc7 4. Be2 g6 5. Nc3 Nf6 6. e5 Nfd7 7. d4 Bg7 8. Be3 Nf8 9. Qd2 h5 10. O-O-O Bg4 11. h3 Bxf3 12. Bxf3 Nbd7 13. g4 hxg4 14. Bxg4 O-O-O 15. Kb1 f5 16. exf6 Bxf6 17. Bf4 e5 18. Bh2 Re8 19. Rhe1 Kd8 20. dxe5 Nxe5 21. Nxd5 cxd5 22. Qxd5+ 1-0